 Dungeon Crawl Stone Soup version 0.25.0-1-g7eea58d (webtiles) character file.

Game seed: 1835882324560777925

29502 auberdahn the Grappler (level 13, -2/131 HPs)
             Began as a Troll Wizard on June 24, 2020.
             Was a Priest of Ashenzari.
             Slain by Frances
             ... wielding a +1 vorpal halberd
              (3 damage)
             ... on level 13 of the Dungeon.
             The game lasted 00:22:02 (14269 turns).

auberdahn the Grappler (Troll Wizard)              Turns: 14269, Time: 00:22:03

Health: -2/131     AC: 16    Str: 28    XL:     13   Next: 15%
Magic:  19/19      EV:  9    Int: 21    God:    Ashenzari [***...]
Gold:   478        SH: 14    Dex:  8    Spells: 22/22 levels left

rFire    + + .     SeeInvis +     - Unarmed
rCold    + . .     Gourm    +   K - +3 kite shield of Crawling {Stlth+}
rNeg     . . .     Faith    .   h - quicksilver dragon scales
rPois    +         Spirit   .   m - +2 hat {Int+3} (curse)
rElec    .         Reflect  .   p - scarf {rC+ rF+}
rCorr    .         Harm     .   (gloves unavailable)
MR       ++...                  (boots unavailable)
Stlth    +.........             k - amulet of Hacusyhu {rF+ MR+ Regen+ Str+4} (curse)
HPRegen  1.11/turn              N - ring of Midsummer {rPois Str+6} (curse)
MPRegen  0.16/turn              l - ring of wizardry

@: mighty, lethally poisoned (-2 -> -15), drained
A: large, unfitting armour, claws 3, fast metabolism 3, gourmand, regeneration
1, shaggy fur 1, tough skin 3
a: Curse Item, Scrying, Renounce Religion


You were on level 13 of the Dungeon.
You worshipped Ashenzari.
Ashenzari was most pleased with you.
You were completely stuffed.

You visited 1 branch of the dungeon, and saw 13 of its levels.
You also visited: Ossuary.

You collected 687 gold pieces.
You spent 209 gold pieces at shops.

Inventory:

Hand Weapons
 W - the +7 Spriggan's Knife {stab, EV+4 Stlth+}
   (You found it on level 13 of the Dungeon)

   It affects your evasion (+4).
   It makes you more stealthy.
Missiles
 S - a throwing net (quivered) {!f}
Armour
 a - a +0 robe
 b - a +0 hat
 h - quicksilver dragon scales (worn)
 m - a cursed +2 hat of intelligence (worn)
 p - a scarf of resistance (worn)
 s - a +2 kite shield
 t - +0 shadow dragon scales
 v - a cursed +1 tower shield of cold resistance
 x - a +1 cloak of poison resistance
 D - the +3 robe of Folly {Archmagi, MR-- Int+5}
   (You found it on level 8 of the Dungeon)

   It affects your intelligence (+5).
   It affects your resistance to hostile enchantments.
 G - a +0 robe of resistance
 J - a +0 troll leather armour
 K - the +3 kite shield of Crawling (worn) {Stlth+}
   (You bought it in a shop on level 10 of the Dungeon)

   It makes you more stealthy.
 T - a +2 tower shield
Jewellery
 k - the cursed amulet of Hacusyhu (around neck) {rF+ MR+ Regen+ Str+4}
   (You took it off an orc on level 8 of the Dungeon)

   [amulet of regeneration]

   It affects your strength (+4).
   It protects you from fire.
   It affects your resistance to hostile enchantments.
   It increases your rate of regeneration.
   It has a curse placed upon it.
 l - a ring of wizardry (right claw)
 N - the cursed ring of Midsummer (left claw) {rPois Str+6}
   (You took it off an orc on level 10 of the Dungeon)

   [ring of strength]

   It affects your strength (+6).
   It protects you from poison.
   It has a curse placed upon it.
Wands
 y - a wand of paralysis (29)
 B - a wand of iceblast (8)
 E - a wand of flame (10)
 F - a wand of disintegration (27)
Scrolls
 c - a scroll of fear
 e - a scroll of immolation {!r}
 f - 5 scrolls of remove curse {@r2}
 i - 4 scrolls of fog
 j - a scroll of amnesia
 o - 4 scrolls of magic mapping
 q - 4 scrolls of teleportation {@r4}
 u - 2 scrolls of identify {@r1}
 O - a scroll of enchant weapon
 P - a scroll of vulnerability {unknown}
 R - a scroll of torment {unknown}
 V - a scroll of silence {unknown}
Potions
 g - 5 potions of brilliance
 n - 5 potions of curing {@q1}
 r - 2 potions of cancellation
 w - 6 potions of lignification {!q}
 z - 2 potions of mutation {unknown}
 C - a potion of magic {unknown}
 H - a potion of flight
 I - a potion of ambrosia {unknown}
 L - a potion of heal wounds {@q2}
 Q - a potion of haste {unknown}
Comestibles
 d - 19 rations {!d}
 M - 2 chunks of flesh


   Skills:
 + Level 9.3(8.4) Fighting
 - Level 5.0(4.1) Armour
 - Level 1.5(0.8) Dodging
 - Level 1.0(0.3) Stealth
 + Level 10.4(9.4) Shields
 * Level 11.4(10.4) Unarmed Combat
 - Level 5.0(4.1) Spellcasting
   Level 0.6(0.7) Conjurations
   Level 0.6(0.7) Summonings
   Level 0.6(0.7) Translocations
 - Level 3.3(4.2) Evocations


You had 22 spell levels left.
You didn't know any spells.
Your spell library contained the following spells:

 Spells                   Type           Power        Failure   Level  Hunger
 Magic Dart               Conj           #...         4%          1    None
 Summon Small Mammal      Summ           #...         4%          1    None
 Foxfire                  Conj/Fire      #...         6%          1    None
 Blink                    Tloc           N/A          8%          2    #......
 Call Imp                 Summ           #.......     8%          2    #......
 Slow                     Hex            #.......     11%         2    #......
 Call Canine Familiar     Summ           #.......     14%         3    ###....
 Conjure Flame            Conj/Fire      #.......     16%         3    ###....
 Summon Guardian Golem    Hex/Summ       #.......     16%         3    ###....
 Mephitic Cloud           Conj/Pois/Air  #.......     17%         3    ###....
 Inner Flame              Hex/Fire       #.......     21%         3    ###....
 Sticky Flame             Conj/Fire      #.......     45%         4    ####...
 Summon Ice Beast         Ice/Summ       #.......     45%         4    ####...
 Summon Lightning Spire   Summ/Air       #.......     45%         4    ####...
 Fireball                 Conj/Fire      #.........   80%         5    ######.
 Haunt                    Necr/Summ      #.........   100%        7    #######
 Borgnjor's Revivificati  Necr           #.........   100%        8    #######
 Death's Door             Chrm/Necr      #.........   100%        8    #######
 Infestation              Necr           #.........   100%        8    #######
 Necromutation            Tmut/Necr      #.........   100%        8    #######


Dungeon Overview and Level Annotations

Branches:
Dungeon (13/15)            Temple (0/1) D:5            Lair (0/6) D:8
    Orc (0/2) D:11        Ossuary (visited)
 Vaults: D:13-14

Altars:
Ashenzari
Dithmenos
Fedhas
Kikubaaqudgha
Makhleb
Nemelex Xobeh
Okawaru
Ru
Trog
The Shining One
Beogh

Shops:
D:5 *   D:7 }   D:8 :   D:10 [

Annotations:
D:13 Frances


Innate Abilities, Weirdness & Mutations

You are too large for most types of armour.
You have claws for hands.
Your metabolism is lightning-fast.
You like to eat raw meat.
Your natural rate of healing is unusually fast.
You are covered in fur. (AC +1)
You have extremely tough skin. (AC +3)


Message History

* * * LOW HITPOINT WARNING * * *
You mangle Frances!!
Frances is almost dead.
You feel sick.
Frances hits you with a +1 vorpal halberd!
* * * LOW HITPOINT WARNING * * *
x2 The soul eater hits you!
* * * LOW HITPOINT WARNING * * *
You feel drained.
* * * LOW HITPOINT WARNING * * *
The orange demon stings you from afar.
* * * LOW HITPOINT WARNING * * *
You are more poisoned.
The orange demon poisons you!
You claw Frances!
Frances is almost dead.
You feel very sick.
Frances hits you with a +1 vorpal halberd!!
* * * LOW HITPOINT WARNING * * *
You die...

...#####.._.....### #..........#
#.## #......### #..........# ..#
#.....## #....>.^...# .## ###...#
######.##### ## ###+##### #..#
#######* #......# ######'#####
......#*, +...4..#####..........#
......#*.##......#...'..........#
......#..##....@@3.###..........#
........# #......### #..........#
......### #......# #........^.#
####### #......# #..........#
######## #..........#
############


You could see Frances (fast), a soul eater (summoned) and an orange demon
(summoned).

Vanquished Creatures
  Jorgrun (D:13)
  An ettin (D:13)
  Josephine (D:10)
  Erolcha (D:9)
  2 hydras (D:11)
  A death knight (D:11)
  6 two-headed ogres
  2 unseen horrors
  A phantasmal warrior (D:11)
  3 ugly things
  A manticore (D:10)
  3 gargoyles
  A guardian serpent (shapeshifter) (D:13)
  A black mamba (shapeshifter) (D:13)
  Maurice (D:7)
  Psyche (D:11)
  Maggie (D:6)
  2 freezing wraiths
  A komodo dragon (D:12)
  2 trolls
  A merfolk (D:11)
  A jumping spider (shapeshifter) (D:13)
  A slime creature (D:10)
  3 hippogriffs
  Sigmund (D:2)
  6 wraiths
  2 wyverns
  13 yaks
  A steam dragon (D:13)
  A hungry ghost (D:12)
  5 vampire mosquitoes
  Menkaure (D:6)
  Edmund (D:4)
  2 acid dragons (D:11)
  3 porcupines
  A water moccasin (D:7)
  4 orc warriors
  An eye of draining (D:8)
  A necrophage (D:5)
  2 ice beasts
  2 black bears (D:8)
  2 phantoms
  2 ogres
  3 centaurs
  A crocodile (D:13)
  3 elf zombies (Ossuary)
  2 big kobolds
  12 bullfrogs
  2 gnoll sergeants (D:8)
  A wyvern zombie (D:8)
  3 scorpions
  12 killer bees
  7 howler monkeys
  5 wights (D:10)
  5 crimson imps
  A bullfrog zombie (D:11)
  2 centaur zombies
  2 bullfrog skeletons
  9 hounds
  6 centaur skeletons
  2 human zombies (Ossuary)
  3 orc priests
  4 jellies
  7 orc wizards
  Crazy Yiuf (D:6)
  Natasha (twice) (D:4)
  5 iguanas
  12 worker ants
  A big kobold zombie (Ossuary)
  3 hound skeletons
  2 mummies (Ossuary)
  18 gnolls
  13 adders
  A howler monkey skeleton (D:10)
  3 shadow imps
  An ooze (D:2)
  An adder skeleton (D:4)
  3 dart slugs
  8 leopard geckos
  39 orcs
  4 bats
  8 giant cockroaches
  3 hobgoblins
  7 jackals (D:3)
  19 kobolds
  A quokka (D:10)
  3 ball pythons
  4 frilled lizards
  8 goblins
  2 goblin zombies (Ossuary)
  13 hobgoblin zombies (Ossuary)
  A jackal skeleton (D:4)
  A jackal zombie (Ossuary)
  9 kobold zombies (Ossuary)
  4 orc zombies (Ossuary)
  13 rats
  2 rat zombies (Ossuary)
397 creatures vanquished.

Notes
Turn   | Place    | Note
-------+----------+-------------------------------------------
     0 | D:1      | auberdahn the Troll Wizard began the quest for the Orb.
     0 | D:1      | Reached XP level 1. HP: 16/16 MP: 2/2
    99 | D:1      | Reached skill level 1 in Unarmed Combat
   172 | D:1      | Reached XP level 2. HP: 24/26 MP: 4/4
   671 | D:1      | Reached skill level 1 in Fighting
   671 | D:1      | Reached skill level 2 in Unarmed Combat
   719 | D:1      | Reached XP level 3. HP: 31/33 MP: 5/5
  1067 | D:2      | Found an ancient bone altar of Kikubaaqudgha.
  1197 | D:2      | Reached XP level 4. HP: 41/41 MP: 6/6
  1213 | D:2      | Reached skill level 1 in Armour
  1276 | D:2      | Reached skill level 3 in Unarmed Combat
  1457 | D:2      | Reached XP level 5. HP: 47/49 MP: 7/7
  1551 | D:2      | Noticed Sigmund
  1604 | D:2      | HP: 1/49 [Sigmund/+0 scythe (10)]
  1605 | D:2      | Killed Sigmund
  1605 | D:2      | Reached skill level 4 in Unarmed Combat
  1605 | D:2      | Reached XP level 6. HP: 1/58 MP: 8/8
  2062 | D:3      | Found a shattered altar of Ashenzari.
  2085 | D:3      | Became a worshipper of Ashenzari the Shackled
  2209 | D:3      | Found a shadowy altar of Dithmenos.
  2799 | D:4      | Found a sand-covered staircase.
  2805 | Ossuary  | Entered an ossuary
  2877 | Ossuary  | Reached * piety under Ashenzari
  2959 | Ossuary  | Reached skill level 5 in Unarmed Combat
  2982 | Ossuary  | Reached XP level 7. HP: 50/66 MP: 9/9
  3502 | D:4      | Reached skill level 6 in Unarmed Combat
  3535 | D:4      | Noticed Edmund
  3564 | D:4      | Killed Edmund
  3564 | D:4      | Reached skill level 1 in Shields
  3564 | D:4      | Reached XP level 8. HP: 35/75 MP: 10/10
  3851 | D:4      | Noticed Natasha
  3857 | D:4      | Killed Natasha
  3943 | D:4      | Noticed Natasha
  3950 | D:4      | Killed Natasha
  4027 | D:5      | Entered Level 5 of the Dungeon
  4219 | D:5      | Found Wonemari's Assorted Antiques.
  4277 | D:5      | Found a staircase to the Ecumenical Temple.
  4571 | D:5      | Found a sacrificial altar of Ru.
  4820 | D:6      | Reached skill level 7 in Unarmed Combat
  4990 | D:6      | Found a bloodstained altar of Trog.
  5134 | D:6      | Reached ** piety under Ashenzari
  5228 | D:6      | Noticed Maggie
  5244 | D:6      | Noticed Menkaure
  5251 | D:6      | Killed Maggie
  5260 | D:6      | Killed Menkaure
  5260 | D:6      | Reached XP level 9. HP: 41/87 MP: 11/11
  5385 | D:6      | Found a runed translucent door.
  5386 | D:6      | Noticed Crazy Yiuf
  5529 | D:6      | Killed Crazy Yiuf
  5695 | D:7      | Found an iron altar of Okawaru.
  5916 | D:7      | Reached skill level 5 in Fighting
  6040 | D:7      | Found Qyduogru's Gadget Shoppe.
  6055 | D:7      | Reached skill level 5 in Armour
  6514 | D:8      | Noticed a two-headed ogre
  6515 | D:8      | Found the +3 robe of Folly {Archmagi, MR-- Int+5}
  6516 | D:8      | Identified the amulet of Hacusyhu {rF+ MR+ Regen+ Str+4}
  6635 | D:7      | Killed a two-headed ogre
  6635 | D:7      | Reached skill level 5 in Shields
  6887 | D:8      | Noticed Maurice
  6920 | D:7      | Killed Maurice
  7055 | D:7      | Reached XP level 10. HP: 72/100 MP: 12/12
  7240 | D:8      | Found Wigieff's Book Emporium.
  7780 | D:8      | Found a staircase to the Lair.
  8718 | D:9      | Found a blossoming altar of Fedhas.
  8729 | D:9      | Found a burning altar of Makhleb.
  8796 | D:9      | Noticed Erolcha
  8799 | D:9      | Found a sparkling altar of Nemelex Xobeh.
  9256 | D:9      | Killed Erolcha
  9312 | D:9      | Noticed a two-headed ogre
  9325 | D:9      | Killed a two-headed ogre
  9615 | D:9      | Reached *** piety under Ashenzari
  9729 | D:9      | Reached XP level 11. HP: 109/109 MP: 14/14
  9885 | D:10     | Entered Level 10 of the Dungeon
 10068 | D:10     | Found Cosirufry's Antique Armour Emporium.
 10073 | D:10     | Bought a fine kite shield for 209 gold pieces
 10073 | D:10     | Identified the +3 kite shield of Crawling {Stlth+} (You
                  | bought it in a shop on level 10 of the Dungeon)
 10090 | D:10     | Identified 2 scrolls of acquirement
 10307 | D:10     | Noticed an unseen horror
 10325 | D:10     | Killed an unseen horror
 10364 | D:10     | Noticed a red ugly thing
 10417 | D:10     | Killed a red ugly thing
 10758 | D:10     | Identified the ring of Midsummer {rPois Str+6}
 10760 | D:10     | Noticed a two-headed ogre
 10786 | D:10     | Killed a two-headed ogre
 10786 | D:10     | Reached skill level 5 in Spellcasting
 10788 | D:10     | Noticed Josephine
 10816 | D:10     | Killed Josephine
 10888 | D:10     | Reached skill level 8 in Unarmed Combat
 11216 | D:11     | Noticed an eight-headed hydra
 11217 | D:11     | Noticed Psyche
 11246 | D:11     | Killed Psyche
 11253 | D:11     | Noticed a two-headed ogre
 11336 | D:11     | Killed a two-headed ogre
 11453 | D:11     | Reached XP level 12. HP: 80/120 MP: 18/18
 11582 | D:11     | Reached skill level 9 in Unarmed Combat
 11598 | D:11     | Killed an eight-headed hydra
 11670 | D:11     | Found a staircase to the Orcish Mines.
 11838 | D:11     | Reached skill level 1 in Evocations
 12165 | D:11     | Found a roughly hewn altar of Beogh.
 12252 | D:12     | Noticed a four-headed hydra
 12274 | D:11     | Killed a nine-headed hydra
 12394 | D:12     | Noticed a death knight
 12425 | D:11     | Killed a death knight
 12514 | D:11     | Reached skill level 10 in Unarmed Combat
 12794 | D:12     | Reached skill level 10 in Shields
 13376 | D:13     | Noticed a two-headed ogre
 13395 | D:13     | Killed a two-headed ogre
 13553 | D:13     | Found the +7 Spriggan's Knife {stab, EV+4 Stlth+}
 13568 | D:13     | Noticed an ettin
 13683 | D:13     | Noticed a two-headed ogre
 13690 | D:13     | Killed a two-headed ogre
 13712 | D:13     | Noticed Jorgrun
 13731 | D:13     | Killed Jorgrun
 13731 | D:13     | Reached skill level 11 in Unarmed Combat
 13731 | D:13     | Reached XP level 13. HP: 41/131 MP: 19/19
 13944 | D:13     | Found a glowing golden altar of the Shining One.
 14093 | D:13     | Killed an ettin
 14255 | D:13     | Noticed Frances
 14269 | D:13     | HP: 1/131 [Frances/+1 vorpal halberd (19)]
 14269 | D:13     | Slain by Frances

Illustrated notes

Levels and vault maps discovered:
D:1:      tarquinn_simple_flora_water_b, layout_loops_corners, minivault_19,
          supply_closet_lemuel, serial_park_tiny_1
D:2:      layout_basic, nicolae_overflow_hidden_temple, uniq_sigmund
D:3:      layout_rooms, evilmike_ruin_ashenzari,
          grunt_dithmenos_smoke_and_mirrors, grunt_ministairs_2
D:4:      layout_cave_pods, lightli_ossuary_entry_decrepit_ruins, uniq_edmund,
          uniq_natasha
D:5:      layout_basic, nicolae_ru_the_path_less_chosen,
          minmay_temple_entry_mini_moons, serial_shops, shop, first_ration,
          grunt_decor_cap, minmay_misc_feat_five
D:6:      layout_loops_ring, marbit_many_paths, uniq_maggie, uniq_menkaure,
          uniq_crazy_yiuf_cottage
D:7:      layout_cave_pods, okawaru_gym_becter, serial_shops, shop
D:8:      layout_layer_cave, due_lair_maze_entry_diamond, serial_shops,
          shop_statue, minmay_radiant, uniq_maurice
D:9:      layout_long_grid, fedhas_altar_2, makhleb_heckhound_becter,
          basic_altar, uniq_erolcha
D:10:     minmay_the_grid_four_pointed_star_mashed
          [minmay_the_grid_triangle_9x9_intruding_spiral,
          minmay_the_grid_triangle_9x9_negative_grid,
          minmay_the_grid_triangle_9x9_corrupted_corridor,
          minmay_the_grid_triangle_9x9_checkered,
          minmay_the_grid_prize_trominoes], layout_stronghold, serial_shops,
          shop, uniq_josephine
D:11:     layout_big_octagon, minmay_orc_entry_temple_small,
          hangedman_fish_farm, kennysheep_nub, kb_rosetta, uniq_psyche
D:12:     layout_roguey, minmay_crystal_room
D:13:     layout_roguey, david_vaults_4, basic_altar, uniq_jorgrun, uniq_frances

Skill      XL: |  1  2  3  4  5  6  7  8  9 10 11 12 |
---------------+-------------------------------------+-----
Unarmed Combat | 1 2 3 4 5 6 7 8 11 | 11.4
Fighting       | 1 2 3 4 6 7 8 9 |  9.3
Armour         | 1 2 3 4 5 |  5.0
Shields        | 1 3 5 8 9 10 | 10.4
Spellcasting   | 3 5 |  5.0
Evocations     | 3 |  3.3
Dodging        | |  1.5
Stealth        | |  1.0
Conjurations   | |  0.6
Summonings     | |  0.6
Translocations | |  0.6

Action                   |  1- 3 |  4- 6 |  7- 9 | 10-12 | 13-15 || total
-------------------------+-------+-------+-------+-------+-------++-------
Melee: Unarmed           |   135 |   254 |   382 |  1130 |    58 ||  1959
       Punch             |       |     9 |       |       |       ||     9
Invok: Curse Item        |       |       |       |     2 |       ||     2
Evoke: Wand              |       |       |     5 |    12 |       ||    17
       Phantom mirror    |       |       |       |     1 |       ||     1
  Use: Scroll            |       |       |     9 |     9 |       ||    18
       Potion            |       |       |     1 |     4 |     2 ||     7
 Stab: Sleeping          |     1 |       |       |     1 |     1 ||     3
       Paralysed         |       |       |       |     5 |       ||     5
       Distracted        |       |       |       |     1 |       ||     1
  Eat: Chunk             |    14 |    14 |    35 |    69 |     6 ||   138
Armor: Robe              |    12 |       |       |       |       ||    12
       Quicksilver drago |    78 |   147 |   217 |   510 |    14 ||   966
Dodge: Dodged            |    70 |    80 |   113 |   331 |    15 ||   609
Block: Kite shield       |       |       |   199 |   810 |    38 ||  1047
